 Dungeon Crawl Stone Soup version 0.29.1-15-g9cfb28693d (webtiles) character file.

Game seed: 14593501191869653002

613 javelincjr the Ducker (level 7, -2/50 HPs)
             Began as a Djinni Conjurer on Mar 20, 2023.
             Slain by a black bear (6 damage)
             ... on level 4 of the Dungeon.
             The game lasted 00:14:02 (4084 turns).

javelincjr the Ducker (Djinni Conjurer)             Turns: 4084, Time: 00:14:03

Health: -2/50      AC:  2    Str:  8    XL:     7   Next: 73%
Gold:   188        EV: 14    Int: 20    God:
                   SH:  0    Dex: 17

rFire   + . .      SeeInvis .   d - staff of conjuration
rCold   . . .      Faith    .   (no shield)
rNeg    . . .      Spirit   .   a - +0 robe
rPois   ∞          Reflect  .   (no helmet)
rElec   .          Harm     .   (no cloak)
rCorr   .          Rampage  .   (no gloves)
Will    .....                   (boots unavailable)
Stlth   +++.......              (no amulet)
HPRegen 0.16/turn               t - +6 ring of dexterity
MPRegen 0.00/turn               m - ring of ice

@: flying, very slightly contaminated
A: sickness immunity, fire resistance 2, cold vulnerability 1, float, innate
caster, HP casting, extra vitality 1
a: no special abilities


You were on level 4 of the Dungeon.
You visited 1 branch of the dungeon, and saw 4 of its levels.

You collected 188 gold pieces.

Inventory:

Hand Weapons
 n - a +2 hand axe of freezing
 o - the +6 short sword of Immus {vorpal, rPois Dex+7}
   (You found it on level 3 of the Dungeon)

   It inflicts extra damage upon your enemies.
   Dex:       It affects your dexterity (+7).
   rPois:     It protects you from poison.
Missiles
 c - 2 throwing nets
Armour
 a - a +0 robe (worn)
 h - the +3 ring mail of the Merchant {+Inv Str+4 SInv}
   (You found it on level 2 of the Dungeon)

   Str:       It affects your strength (+4).
   SInv:      It lets you see invisible.
   +Inv:      It lets you turn invisible.
 u - a +2 helmet
Magical Staves
 d - a staff of conjuration (weapon)
Jewellery
 i - a ring of positive energy
 m - a ring of ice (right hand)
 t - a +6 ring of dexterity (left hand)
Wands
 l - a wand of polymorph (8)
Scrolls
 b - 5 scrolls of identify {unknown}
 e - a scroll of poison {unknown}
 j - a scroll of magic mapping {unknown}
 k - 3 scrolls of teleportation {unknown}
 p - a scroll of fear {unknown}
 r - a scroll of enchant weapon {unknown}
Potions
 f - 2 potions of degeneration {unknown}
 g - a potion of ambrosia {unknown}
 q - a potion of haste {unknown}
 s - a potion of curing {unknown}


   Skills:
 * Level 3.4 Fighting
 + Level 2.0 Staves
 + Level 2.2 Armour
 + Level 4.2 Dodging
 + Level 3.3 Stealth
 + Level 4.1 Spellcasting


You couldn't memorise any spells.
You knew the following spells:

 Your Spells              Type           Power      Damage    Failure   Level
a - Magic Dart            Conj           100%       1d8       2%          1
b - Searing Ray           Conj           62%        2d6       3%          2
c - Dazzling Flash        Conj/Hex       62%        N/A       7%          3
d - Fulminant Prism       Conj/Hex       15%        3d11      22%         4
e - Iskenderun's Mystic   Conj/Tloc      31%        2d8       22%         4
f - Sandblast             Erth           40%        2d10      2%          1
g - Passwall              Tmut/Erth      16%        N/A       3%          2
h - Ensorcelled Hibernat  Hex/Ice        62%        N/A       3%          2
Your spell library was empty.

Dungeon Overview and Level Annotations

Branches:
Dungeon (4/15)
 Temple: D:4-7

Altars:
Cheibriados
Elyvilon
Fedhas


Innate Abilities, Weirdness & Mutations

You are immune to sickness and miasma.
You are immune to poison.
Your flesh is very heat resistant. (rF++)
You are vulnerable to cold. (rC-)
You float through the air rather than walking.
You learn spells naturally, not from books.
Your magical power is your life essence.
You have superior vitality. (+4 MHP)


Message History

Aim: a goblin, wielding a +0 club (wandering, hasn't noticed you, 74% to hit)
You feel a surge of power!
The searing ray hits the goblin!
You kill the goblin! (Press . to maintain the ray.)
Found a stone staircase leading down.
The black bear growls angrily.
Aiming: Polymorph
Press: ? - help, Q - select action, (/) - cycle Shift-Dir - straight line, f - black bear
Aim: a black bear (will become a human, a yaktaur, or a steam dragon, chance to affect: 49%)
The black bear resists with some effort.
Casting: Searing Ray (safe; 3% risk of failure)
Confirm with . or Enter, or press ? or * to list all spells.
Aiming: Ensorcelled Hibernation (safe; 3% risk of failure)
Press: ? - help, Shift-Dir - straight line, f/p - black bear
Aim: a black bear (chance to affect: 61%)
You feel a surge of power!
The black bear resists with significant effort.
Casting: Ensorcelled Hibernation (safe; 3% risk of failure)
Confirm with . or Enter, or press ? or * to list all spells.
Aiming: Ensorcelled Hibernation (safe; 3% risk of failure)
Press: ? - help, Shift-Dir - straight line, f/p - black bear
Aim: a black bear (chance to affect: 61%)
You feel a surge of power!
The black bear resists with significant effort.
Casting: Ensorcelled Hibernation (safe; 3% risk of failure)
Confirm with . or Enter, or press ? or * to list all spells.
Aiming: Ensorcelled Hibernation (safe; 3% risk of failure)
Press: ? - help, Shift-Dir - straight line, f/p - black bear
Aim: a black bear (chance to affect: 61%)
You feel a surge of power!
The black bear looks drowsy...
The black bear growls angrily.
Casting: Ensorcelled Hibernation (safe; 3% risk of failure)
Confirm with . or Enter, or press ? or * to list all spells.
The spell is quite dangerous to miscast (22% risk of failure)!
Continue anyway?
You feel a surge of power!
You miscast Iskenderun's Mystic Blast.
You are very lightly contaminated with residual magic.
You are caught in a violent explosion!
* * * LOW HITPOINT WARNING * * *
x2 The black bear bites you.
You die...

#..........#...##...##....
#....>.....#..............
.........#+####.........
..).....# #.........
#.†)...# #######....
+).....# #.....#....
#......#####.....#....
#....h...........##'##
#....@.........<<....#
#....................+
+.[.....)............#
#......#######+##....#
#####)).)..#.....#..'.....
#..........#.....#<.#.....
#....#######....##..#.....
#....# ...##....##..#####.
#....# ..............# #.


You could see a black bear.

Vanquished Creatures
  Grinder (D:3)
  A bullfrog (D:3)
  A jelly (D:4)
  2 orc priests (D:3)
  Ijyb (D:3)
  2 orc wizards (D:4)
  The ghost of viagra the Trooper, a weakling HOFi of Cheibriados (D:3)
  Robin (D:4)
  7 adders
  2 worms
  A dart slug (D:4)
  6 orcs
  3 ball pythons
  10 endoplasms
  3 giant cockroaches
  8 hobgoblins
  8 jackals
  3 kobolds
  3 quokkas
  5 bats
  3 frilled lizards
  13 goblins
  5 rats
90 creatures vanquished.

Vanquished Creatures (others)
  A fulminant prism (D:4)
1 creature vanquished.

Grand Total: 91 creatures vanquished

Notes
Turn   | Place    | Note
-------+----------+-------------------------------------------
     0 | D:1      | javelincjr the Djinni Conjurer began the quest for the Orb.
     0 | D:1      | javelincjr set off with the following spells memorised:
                  | Magic Dart, Searing Ray, Dazzling Flash, Fulminant Prism,
                  | Iskenderun's Mystic Blast.
     0 | D:1      | Reached XP level 1. HP: 15/15 MP: 0/0
   120 | D:1      | Reached XP level 2. HP: 14/21 MP: 0/0
   513 | D:1      | Reached XP level 3. HP: 23/25 MP: 0/0
   513 | D:1      | Learned a level 1 spell: Sandblast
  1219 | D:2      | Reached XP level 4. HP: 29/31 MP: 0/0
  1273 | D:2      | Identified the +3 ring mail of the Merchant {+Inv Str+4
                  | SInv}
  2036 | D:2      | Found a blossoming altar of Fedhas.
  2147 | D:3      | Noticed Ijyb
  2183 | D:3      | Killed Ijyb
  2184 | D:3      | Reached skill level 1 in Fighting
  2184 | D:3      | Reached XP level 5. HP: 12/37 MP: 0/0
  2184 | D:3      | Learned a level 2 spell: Passwall
  2463 | D:3      | Found a snail-covered altar of Cheibriados.
  2513 | D:3      | Identified the +6 short sword of Immus {vorpal, rPois
                  | Dex+7}
  2588 | D:3      | Noticed Grinder
  2607 | D:3      | Killed Grinder
  2608 | D:3      | Reached skill level 1 in Staves
  2608 | D:3      | Reached skill level 1 in Armour
  2608 | D:3      | Reached XP level 6. HP: 27/45 MP: 0/0
  2985 | D:3      | Reached XP level 7. HP: 34/49 MP: 0/0
  2985 | D:3      | Learned a level 2 spell: Ensorcelled Hibernation
  3131 | D:3      | Found a runed translucent door.
  3135 | D:3      | Noticed viagra's ghost (weakling HOFi)
  3144 | D:3      | Killed viagra's ghost
  3433 | D:3      | Found a faded altar of an unknown god.
  3686 | D:3      | Found a white marble altar of Elyvilon.
  3967 | D:4      | Noticed Robin
  4061 | D:4      | Killed Robin
  4084 | D:4      | Slain by a black bear

Illustrated notes

Levels and vault maps discovered:
D:1:      minmay_arrival_diagonal_passages, layout_rooms
D:2:      layout_basic, basic_altar, grunt_ministairs_4, minmay_octomino_e4
D:3:      layout_loops_ring, lemuel_round_altar, mainiacjoe_overflow_catwalk,
          ebering_ghost_sewer_d, hellmonk_ecumenical_altar_prayer_group,
          uniq_ijyb, uniq_grinder
D:4:      layout_gridville, cheibrodos_sewer_entry_bend, uniq_robin

Skill      XL: |  1  2  3  4  5  6  7 |
---------------+----------------------+-----
Stealth        | 2 3 |  3.3
Dodging        | 3 4 |  4.2
Fighting       | 1 2 3 |  3.4
Staves         | 1 2 |  2.0
Armour         | 1 2 |  2.2
Spellcasting   | 4 |  4.1

Action                   |  1- 3 |  4- 6 |  7- 9 || total
-------------------------+-------+-------+-------++-------
Melee: Unarmed           |       |       |     2 ||     2
 Cast: Magic Dart        |    48 |    45 |    17 ||   110
       Searing Ray       |       |    11 |    13 ||    24
       Sandblast         |       |    11 |     6 ||    17
       Ensorcelled Hiber |       |       |     3 ||     3
       Fulminant Prism   |       |       |     1 ||     1
Evoke: Wand              |       |       |     1 ||     1
Armor: Robe              |       |     2 |     2 ||     4
       Skin              |       |       |     2 ||     2
Dodge: Dodged            |     2 |    11 |    16 ||    29
